 Dungeon Crawl Stone Soup version 0.20.1-1-g8b1a95d (webtiles) character file.

155 rin1221 the Ogre Mage (level 5, 0/52 HPs)
             Began as an Ogre Wizard on July 14, 2017.
             Succumbed to a scorpion's poison
             ... on level 4 of the Dungeon.
             The game lasted 00:11:30 (3923 turns).

rin1221 the Ogre Mage (Ogre Wizard)                 Turns: 3923, Time: 00:11:30

Health: 0/52       AC:  3    Str: 16    XL:     5   Next: 37%
Magic:  4/10       EV: 10    Int: 19    God:
Gold:   116        SH:  0    Dex:  8    Spells: 1/11 levels left

rFire    . . .     SeeInvis .   g - +0 dagger (curse)
rCold    . . .     Gourm    +   (no shield)
rNeg     . . .     Faith    .   a - +0 robe
rPois    .         Spirit   .   b - +0 hat
rElec    .         Reflect  .   (no cloak)
rCorr    .         Harm     .   (gloves unavailable)
MR       .....                  (boots unavailable)
Stlth    ++........             h - amulet of the gourmand
Regen    0.2/turn               (no ring)
MPRegen  0.2/turn               (no ring)

@: mighty, lethally poisoned (0 -> -5), flying, very slightly contaminated
A: unfitting armour, horns 1, deterioration 1, robust 1, tough skin 1
a: no special abilities


You were on level 4 of the Dungeon.
You were very full.

You visited 1 branch of the dungeon, and saw 4 of its levels.

You collected 116 gold pieces.

Inventory:

Hand Weapons
 g - a cursed +0 dagger (weapon)
 j - a +1 club
Missiles
 f - 49 stones (quivered)
Armour
 a - a +0 robe (worn)
 b - a +0 hat (worn)
 l - a +0 shield
Jewellery
 h - an amulet of the gourmand (around neck)
 k - an uncursed amulet of regeneration
 s - an uncursed amulet of regeneration
Scrolls
 m - a scroll of noise
 t - a scroll of teleportation
 u - a scroll of enchant weapon
Potions
 e - 2 potions of haste
Books
 c - a book of Minor Magic

   Spells                             Type                      Level
   a - Magic Dart                     Conjuration                  1
   b - Blink                          Translocation                2
   c - Call Imp                       Summoning                    2
   d - Slow                           Hexes                        2
   e - Conjure Flame                  Conjuration/Fire             3
   f - Mephitic Cloud                 Conjuration/Poison/Air       3
 i - a book of Cantrips

   Spells                             Type                      Level
   a - Confusing Touch                Hexes                        1
   b - Animate Skeleton               Necromancy                   1
   c - Summon Small Mammal            Summoning                    1
   d - Apportation                    Translocation                1
Comestibles
 d - 3 bread rations
 o - 3 fruits
 p - a royal jelly


   Skills:
 * Level 1.5 Fighting
 * Level 1.4 Armour
 * Level 2.2 Dodging
 * Level 2.1 Stealth
 * Level 0.5 Shields
 + Level 0.5 Unarmed Combat
 * Level 3.9 Spellcasting
 * Level 1.8 Conjurations
 + Level 0.6 Hexes
 + Level 1.0 Summonings
 + Level 1.1 Translocations
 + Level 0.3 Air Magic
 + Level 0.1 Poison Magic


You had one spell level left.
You knew the following spells:

 Your Spells              Type           Power        Failure   Level  Hunger
a - Magic Dart            Conj           ##..         6%          1    None
b - Blink                 Tloc           N/A          13%         2    ##.....
c - Call Imp              Summ           #.......     14%         2    ##.....
d - Slow                  Hex            #.......     16%         2    ##.....
e - Mephitic Cloud        Conj/Pois/Air  #.......     30%         3    ###....


Dungeon Overview and Level Annotations

Branches:
Dungeon (4/15)
 Temple: D:4-7

Altars:
Dithmenos
Qazlal
Uskayaw


Innate Abilities, Weirdness & Mutations

You are too large for most types of armour.
You have tough skin. (AC +1)
You have a pair of small horns on your head.
Your body sometimes deteriorates upon taking damage.
You are robust. (+10% HP)


Message History

You have reached level 5!
* * * LOW HITPOINT WARNING * * *
You feel sick.
You hear a shout!
Casting: Magic Dart
Confirm with . or Enter, or press ? or * to list all spells.
Aiming: Magic Dart
Press: ? - help, Shift-Dir - straight line, f - hound
Aim: a hound You miscast Magic Dart.
Strange energies run through your body. The hound bites you.
* * * LOW HITPOINT WARNING * * *
Casting: Magic Dart
Confirm with . or Enter, or press ? or * to list all spells.
Aiming: Magic Dart
Press: ? - help, Shift-Dir - straight line, f/p - hound
Aim: a hound The magic dart hits the hound.
The hound is lightly wounded.
You die...

.. ### #.. ..#
#... ###.##
##..$ .... ...
#†####.##
#@......##
##h.......##
###..........#
..........#.#.#
...##......._..#
... #......#.#.#
.. #..........#
. ##........##
##........##


You could see a hound.

Vanquished Creatures
  A scorpion (D:4)
  An iguana (D:4)
  An adder (D:3)
  2 oozes
  A worm (D:3)
  2 dart slugs
  3 orcs (D:3)
  2 ball pythons
  8 bats
  A giant cockroach (D:3)
  10 goblins
  3 hobgoblins
  4 jackals (D:3)
  4 frilled lizards
  4 kobolds
  7 rats
54 creatures vanquished.

Notes
Turn   | Place    | Note
-------+----------+-------------------------------------------
     0 | D:1      | rin1221 the Ogre Wizard began the quest for the Orb.
     0 | D:1      | Reached XP level 1. HP: 16/16 MP: 5/5
    59 | D:1      | Reached skill level 1 in Conjurations
   104 | D:1      | Reached XP level 2. HP: 12/26 MP: 0/6
   108 | D:1      | Learned a level 2 spell: Blink
   111 | D:1      | Learned a level 2 spell: Call Imp
   114 | D:1      | Learned a level 2 spell: Slow
   213 | D:1      | Reached skill level 1 in Translocations
   981 | D:2      | Found a stormy altar of Qazlal.
  1072 | D:2      | Found a hide-covered altar of Uskayaw.
  1110 | D:2      | Reached XP level 3. HP: 32/32 MP: 6/8
  1632 | D:3      | Gained mutation: Your body sometimes deteriorates upon taking damage. [potion of mutation]
  1632 | D:3      | Gained mutation: You have a pair of small horns on your head. [potion of mutation]
  1632 | D:3      | Gained mutation: You are robust. (+10% HP) [potion of mutation]
  1685 | D:3      | Reached skill level 1 in Fighting
  2372 | D:3      | Reached skill level 1 in Summonings
  2448 | D:3      | Reached skill level 1 in Armour
  2448 | D:3      | Reached XP level 4. HP: 18/45 MP: 2/9
  2870 | D:3      | Learned a level 3 spell: Mephitic Cloud
  3888 | D:4      | Found a shadowy altar of Dithmenos.
  3921 | D:4      | Reached XP level 5. HP: 4/52 MP: 5/10
  3922 | D:4      | HP: 1/52 [hound (3)]
  3923 | D:4      | Succumbed to a scorpion's poison

Skill      XL: |  1  2  3  4 |
---------------+-------------+-----
Conjurations   | 1 |  1.8
Translocations | 1 |  1.1
Dodging        | 2 |  2.2
Fighting       | 1 |  1.5
Summonings     | 1 |  1.0
Armour         | 1 |  1.4
Stealth        | 2 |  2.1
Shields        | |  0.5
Unarmed Combat | |  0.5
Spellcasting   | |  3.9
Hexes          | |  0.6
Air Magic      | |  0.3
Poison Magic   | |  0.1

Action                   |  1- 3 |  4- 6 || total
-------------------------+-------+-------++-------
Melee: Unarmed           |    13 |       ||    13
       Dagger            |   120 |    90 ||   210
       Headbutt          |     5 |     7 ||    12
 Cast: Magic Dart        |    33 |    27 ||    60
  Use: Scroll            |     8 |     2 ||    10
       Potion            |     1 |     3 ||     4
 Stab: Sleeping          |     1 |       ||     1
  Eat: Chunk             |    11 |     8 ||    19
Armor: Robe              |    41 |    29 ||    70
Dodge: Dodged            |    76 |    55 ||   131
